 Dungeon Crawl Stone Soup version 0.22-a0-348-gd16d1391c7 (webtiles) character file.

102 Laan the Magician (level 4, -6/24 HPs)
             Began as a Deep Elf Fire Elementalist on Apr 8, 2018.
             Splashed by Ijyb's acid (9 damage)
             ... on level 3 of the Dungeon.
             The game lasted 00:03:16 (2456 turns).

Laan the Magician (Deep Elf Fire Elementalist)      Turns: 2456, Time: 00:03:16

Health: -6/24      AC:  2    Str:  5    XL:     4   Next: 50%
Magic:  6/12       EV: 13    Int: 21    God:
Gold:   110        SH:  0    Dex: 15    Spells: 10/11 levels left

rFire    + . .     SeeInvis .   j - +0 hunting sling
rCold    . . .     Gourm    .   (no shield)
rNeg     . . .     Faith    .   n - +0 robe {rF+}
rPois    .         Spirit   .   (no helmet)
rElec    .         Reflect  .   (no cloak)
rCorr    .         Harm     .   (no gloves)
MR       .....                  (no boots)
Stlth    ++........             (no amulet)
HPRegen  0.08/turn              (no ring)
MPRegen  0.13/turn              k - +4 ring of protection

@: corroded
A: no striking features
a: no special abilities


You were on level 3 of the Dungeon.
You were not hungry.

You visited 1 branch of the dungeon, and saw 3 of its levels.

You collected 110 gold pieces.

Inventory:

Hand Weapons
 j - a +0 hunting sling (weapon)
Missiles
 f - 54 stones (quivered)
Armour
 n - a +0 robe of fire resistance (worn)
Jewellery
 k - a +4 ring of protection (right hand)
Scrolls
 b - a scroll of amnesia {unknown}
 g - a scroll of fear {unknown}
 h - a scroll of remove curse {unknown}
 i - 3 scrolls of identify {unknown}
 m - 2 scrolls of enchant weapon {unknown}
Potions
 a - a potion of mutation {unknown}
 e - a potion of flight {unknown}
 l - 3 potions of heal wounds {unknown}
 o - a potion of ambrosia {unknown}
Comestibles
 c - 5 rations
 d - 13 chunks of flesh


   Skills:
 - Level 2.4 Dodging
 - Level 2.4 Stealth
 + Level 4.4 Spellcasting
 * Level 4.0 Conjurations
 - Level 3.2 Fire Magic


You had 10 spell levels left.
You knew the following spells:

 Your Spells              Type           Power        Failure   Level  Hunger
a - Flame Tongue          Conj/Fire      ###..        2%          1    None


Dungeon Overview and Level Annotations

Branches:
Dungeon (3/15)

Altars:

Annotations:
D:3 Ijyb


Message History

The flame tongue hits Ijyb.
Ijyb is heavily wounded.
Ijyb hits you.
Casting: Flame Tongue (safe; 2% risk of failure)
Confirm with . or Enter, or press ? or * to list all spells.
Aiming: Flame Tongue (safe; 2% risk of failure)
Press: ? - help, Shift-Dir - straight line, f/p - Ijyb
Aim: Ijyb, wearing a ring mail (heavily wounded)
The flame tongue misses Ijyb.
Ijyb zaps a wand.
The bolt of acid misses you.
It is a wand of acid (4).
Casting: Flame Tongue (safe; 2% risk of failure)
Confirm with . or Enter, or press ? or * to list all spells.
Aiming: Flame Tongue (safe; 2% risk of failure)
Press: ? - help, Shift-Dir - straight line, f/p - Ijyb
Aim: Ijyb, wearing a ring mail and carrying a wand of acid (4) (heavily wounded)
The flame tongue misses Ijyb.
Ijyb zaps a wand.
The bolt of acid hits you!
Ouch! That really hurt!
* * * LOW HITPOINT WARNING * * *
The acid corrodes you!
You are splashed with acid!
The acid burns!
You die...

.. #.#
#... #.#
#.# #.#.
.. #.#
#.#. #.#
#.# #[#.
.$ #.#
#.#<
#####(##.#
#.##
.....%.#.#
#.
......g#.#
##
.......@.#
......#..#
##### #..#
..># #####


You could see Ijyb.

Vanquished Creatures
  Jessica (D:3)
  3 adders (D:2)
  3 worms
  3 dart slugs
  A leopard gecko (D:2)
  2 giant cockroaches (D:2)
  3 goblins
  4 hobgoblins
  3 jackals (D:1)
  A quokka (D:2)
  A ball python (D:3)
  5 bats
  3 frilled lizards
  4 rats
37 creatures vanquished.

Notes
Turn   | Place    | Note
-------+----------+-------------------------------------------
     0 | D:1      | Laan the Deep Elf Fire Elementalist began the quest for the Orb.
     0 | D:1      | Reached XP level 1. HP: 10/10 MP: 6/6
   497 | D:1      | Reached XP level 2. HP: 15/15 MP: 5/8
  1449 | D:2      | Reached XP level 3. HP: 19/19 MP: 6/10
  1978 | D:2      | Reached XP level 4. HP: 24/24 MP: 10/12
  2271 | D:3      | Noticed Jessica
  2277 | D:3      | Killed Jessica
  2449 | D:3      | Noticed Ijyb
  2456 | D:3      | Splashed by Ijyb's acid

Vault maps used:
D:1:      saegor_arrival_simple_e
D:2:      first_ration, hangedman_decor_points
D:3:      lemuel_round_altar, minmay_gold_behind_fungi, uniq_jessica, uniq_ijyb

Skill      XL: |  1  2  3  4 |
---------------+-------------+-----
Conjurations   | 2 3 4 |  4.0
Spellcasting   | 4 |  4.4
Dodging        | |  2.4
Stealth        | |  2.4
Fire Magic     | |  3.2

Action                   |  1- 3 |  4- 6 || total
-------------------------+-------+-------++-------
 Fire: Hunting sling     |    11 |    11 ||    22
 Cast: Flame Tongue      |    51 |    21 ||    72
  Eat: Chunk             |     3 |     1 ||     4
Armor: Robe              |     2 |     1 ||     3
Dodge: Dodged            |    18 |     4 ||    22

Table legend:
 A = Spawn XP
 B = Non-spawn XP
 C = Spawn XP percentage of total XP
 D = Spawn monster count
 E = Non-spawn monster count
 F = Spawn count percentage of total count
 G = Total turns spent on level
                    A         B        C        D         E        F      G
               +---------+---------+-------+---------+---------+-------+---------
         Total |       0 |     147 |   0.0 |       0 |      37 |   0.0 |  2456
               +---------+---------+-------+---------+---------+-------+---------
           D:1 |       0 |      17 |   0.0 |       0 |       9 |   0.0 |   933
           D:2 |       0 |      82 |   0.0 |       0 |      22 |   0.0 |  1278
           D:3 |       0 |      48 |   0.0 |       0 |       6 |   0.0 |   245
               +---------+---------+-------+---------+---------+-------+---------
